AoeStats
← TM Caesar

MegaRandom

506928382Analyzed
2v2 RM · 17d ago on Sep 15, 2026· 25m 46s· 4 players
Game mode
Random Map
Map size
Medium (4 player)
Population
200
Speed
Normal
Resources
Standard
Victory
Conquest
Starting age
Dark Age
Ending age
Imperial Age
RankedLock teamsTeams togetherTeam positionsShared explorationLock speedFull tech treeHidden civsTurbo modeCheats
Victory
Defeat
🇨🇭 Magyars · Switzerland
1567
+13
🇨🇭 Mongols · Switzerland
1566
+13
🇦🇷 Muisca · Argentina
1565
-15
🇹🇷 Mongols · Türkiye
1442
-11
karamuk
6:31 Loom
8:49 Feudal Age
16:14 Horse Collar
23:39 Castle Age
21:43 Double-Bit Axe
TM Caesar
6:27 Loom
9:19 Feudal Age
9:48 Double-Bit Axe
10:38 Fletching
14:38 Town Watch
16:49 Padded Archer Armor
16:57 Scale Mail Armor
25:03 Castle Age
Jiav
6:26 Loom
9:45 Feudal Age
10:16 Double-Bit Axe
15:49 Horse Collar
21:49 Castle Age
20:59 Scale Barding Armor
21:30 Gold Mining
21:57 Bloodlines
25:46 Heavy Plow
[MRK] Feudal Forever
5:06 Loom
9:27 Feudal Age
10:05 Double-Bit Axe
16:16 Wheelbarrow
21:52 Castle Age
20:08 Horse Collar
20:18 Gold Mining
21:08 Bloodlines
21:32 Fletching
23:08 Bodkin Arrow
23:47 Husbandry
Connection lost

Rejoining the realm…

Still unreachable

The connection could not be restored.

Session expired

The server has moved on; the page needs a fresh start.